 Dungeon Crawl Stone Soup version 0.28-a0-793-g31680bbd8b (webtiles) character file.

Game seed: 7237893045404755654

60057 demibob the Brawler (level 14, -8/113 HPs)
             Began as a Ghoul Monk on Nov 4, 2021.
             Was the Champion of Makhleb.
             Mangled by an ettin (12 damage)
             ... on level 2 of the Orcish Mines.
             The game lasted 00:53:20 (22708 turns).

demibob the Brawler (Ghoul Monk)                   Turns: 22708, Time: 00:53:20

Health: -8/113     AC: 11    Str: 22    XL:     14   Next: 97%
Magic:  20/20      EV: 14    Int:  5    God:    Makhleb [******]
Gold:   1964       SH: 16    Dex: 19    Spells: 13/13 levels left

rFire   + . .      SeeInvis +     - Unarmed
rCold   + + .      Faith    +   x - +2 kite shield {reflect}
rNeg    + + +      Spirit   .   D - +0 swamp dragon scales
rPois   ∞          Reflect  +   L - +1 helmet {SInv}
rElec   .          Harm     .   c - scarf {rC+ rF+}
rCorr   +          Rampage  .   (no gloves)
Will    ++...                   (no boots)
Stlth   ++........              E - amulet of Busov {Faith Will+ Dex+4}
HPRegen 0.00/turn               H - ring "Dyde Pobaos" {rPois Str+6}
MPRegen 0.17/turn               R - ring of resist corrosion

@: mighty, inhibited regen
A: claws 1, cold resistance 1, negative energy resistance 3, inhibited
regeneration, torment resistance 2
a: Renounce Religion, Minor Destruction, Lesser Servant of Makhleb, Major
Destruction, Greater Servant of Makhleb


You were on level 2 of the Orcish Mines.
You worshipped Makhleb.
Makhleb was exalted by your worship.
You visited 3 branches of the dungeon, and saw 18 of its levels.
You also visited: Bailey.

You collected 2159 gold pieces.
You spent 195 gold pieces at shops.


Innate Abilities, Weirdness & Mutations

You thrive by killing the living.
You are immune to poison.
You have sharp fingernails.
Your flesh is cold resistant. (rC+)
You are immune to negative energy. (rN+++)
You do not regenerate when monsters are visible.
You are immune to unholy pain and torment.


   Skills:
 - Level 7.0 Fighting
 - Level 5.8 Armour
 - Level 6.1 Dodging
 - Level 2.1 Stealth
 + Level 14.4 Shields
 - Level 17.3 Unarmed Combat
 - Level 9.6 Invocations


You had 13 spell levels left.
You didn't know any spells.
Your spell library contained the following spells:

 Spells                   Type           Power      Damage    Failure   Level
 Animate Skeleton         Necr           0%         N/A       65%         1
 Apportation              Tloc           0%         N/A       65%         1
 Pain                     Necr           0%         1d4       65%         1
 Shock                    Conj/Air       0%         1d3       65%         1
 Slow                     Hex            0%         N/A       65%         1
 Call Canine Familiar     Summ           0%         N/A       95%         3
 Confusing Touch          Hex            0%         N/A       95%         3
 Portal Projectile        Hex/Tloc       0%         N/A       95%         3
 Swiftness                Air            0%         N/A       95%         3
 Vampiric Draining        Necr           0%         2d6       95%         3
 Airstrike                Air            0%         N/A       100%        4
 Leda's Liquefaction      Hex/Erth       0%         N/A       100%        4
 Alistair's Intoxication  Tmut/Pois      0%         N/A       100%        5
 Borgnjor's Vile Clutch   Necr/Erth      0%         N/A       100%        5
 Fireball                 Conj/Fire      0%         3d3       100%        5
 Freezing Cloud           Conj/Ice/Air   0%         6-21      100%        5
 Yara's Violent Unravell  Hex/Tmut       0%         3d3       100%        5
 Eringya's Noxious Bog    Tmut/Pois      0%         N/A       100%        6
 Invisibility             Hex            0%         N/A       100%        6
 Simulacrum               Ice/Necr       0%         N/A       100%        6
 Starburst                Conj/Fire      0%         6d3       100%        6
 Ignition                 Fire           0%         3d3       100%        8
 Polar Vortex             Ice            0%         N/A       100%        9

Inventory:

Missiles
 d - 51 poisoned darts (quivered)
 p - 6 curare-tipped darts {=f}
Armour
 c - a scarf of resistance (worn)
 w - the +3 buckler "Vaihed" {rF+ Will+ Str+2}
   (You found it on level 10 of the Dungeon)

   Str:       It affects your strength (+2).
   rF:        It protects you from fire.
   Will:      It increases your willpower.
 x - a +2 kite shield of reflection (worn)
 D - +0 swamp dragon scales (worn)
 L - a +1 helmet of see invisible (worn)
Jewellery
 y - an amulet of magic regeneration
 C - a ring of ice
 E - the amulet of Busov (around neck) {Faith Will+ Dex+4}
   (You found it on level 4 of the Lair of Beasts)

   [amulet of faith]

   It allows you to gain divine favour quickly.
   Dex:       It affects your dexterity (+4).
   Will:      It increases your willpower.
 F - a ring of fire
 H - the ring "Dyde Pobaos" (left claw) {rPois Str+6}
   (You found it on level 5 of the Lair of Beasts)

   [ring of poison resistance]

   Str:       It affects your strength (+6).
   rPois:     It protects you from poison.
 M - a ring of magical power
 R - a ring of resist corrosion (right claw)
Wands
 f - a wand of mindburst (13)
 k - a wand of iceblast (22)
 m - a wand of acid (6)
 n - a wand of polymorph (19)
 r - a wand of charming (8)
 t - a wand of paralysis (14)
 v - a wand of flame (14)
 A - a wand of digging (25)
Scrolls
 b - 4 scrolls of magic mapping
 i - 3 scrolls of teleportation {@r2}
 j - 3 scrolls of amnesia
 l - a scroll of blinking {unknown}
 o - a scroll of enchant armour
 B - a scroll of enchant weapon
 G - a scroll of torment
 K - 2 scrolls of identify {@r1}
Potions
 a - 4 potions of attraction
 e - 5 potions of heal wounds {@q2}
 h - 6 potions of curing {@q1}
 q - a potion of ambrosia
 s - 2 potions of flight
 u - a potion of invisibility
 z - 7 potions of brilliance
 I - a potion of haste {@q3}
 J - 2 potions of might
 N - a potion of cancellation
Miscellaneous
 g - a condenser vane (inert)

Dungeon Overview and Level Annotations

Branches:
Dungeon (10/15)            Temple (0/1) D:7            Lair (6/6) D:8
 Shoals (0/4) Lair:4       Spider (0/4) Lair:4        Slime (0/5) Lair:6
    Orc (2/2) D:9          Bailey (visited)
    Elf: Orc:2

Altars:
Hepliaklqana
Makhleb
Nemelex Xobeh
Okawaru
Qazlal
Sif Muna
Yredelemnul
The Shining One
Beogh
Jiyva

Shops:
D:8 (   D:9 *   Orc:1 !

Annotations:
Lair:1 2 transporters, noodleboyJ's ghost, journeyman DrWn
Lair:4 1 runed translucent door, Beilucy's ghost, journeyman FoFi

##.... .#
#..... .
#.....###.
#......#.##
.........###
.......#.##
##oC3)...#
#..@....#
##..<..##
#....$..#
........#.##
.......####
........#
#........
####.....
##..#


You could see an ettin (ally target), an orc warrior and a friendly neqoxec
(summoned).


Message History

The orc warrior hits you with a +0 halberd.
Things that are here:
a +0 club; an orc corpse You claw the orc warrior!
The orc warrior is severely wounded.
You block the orc warrior's attack.
You closely miss the orc warrior.
The orc warrior is severely wounded.
The orc warrior no longer looks unusually strong.
You barely miss the orc warrior.
The orc warrior is severely wounded.
The orc warrior closely misses you.
You closely miss the orc warrior.
The orc warrior is severely wounded.
The orc warrior barely misses you.
You barely miss the orc warrior.
The orc warrior is severely wounded.
The ettin hits you with a +0 dire flail!!!
* * * LOW HITPOINT WARNING * * *
You block the ettin's attack. You block the orc warrior's attack.
Okay, then.
You feel much better.
The ettin hits you with a +0 dire flail.
* * * LOW HITPOINT WARNING * * *
You block the ettin's attack. The orc warrior barely misses you.
Use which ability? (? or * to list)
The ettin hits you with a +0 dire flail!!
* * * LOW HITPOINT WARNING * * *
The ettin hits you with a +0 dire flail!
You die...

Skill      XL: |  1  2  3  4  5  6  7  8  9 10 11 12 13 14 |
---------------+-------------------------------------------+-----
Unarmed Combat | 4 5 6 7 9 11 13 15 17 | 17.3
Shields        | 1 2 3 4 6 10 14 | 14.4
Invocations    | 1 3 6 7 8 9 |  9.6
Dodging        | 5 6 |  6.1
Armour         | 3 5 |  5.8
Fighting       | 5 7 |  7.0
Stealth        | |  2.1

Action                   |  1- 3 |  4- 6 |  7- 9 | 10-12 | 13-15 || total
-------------------------+-------+-------+-------+-------+-------++-------
Melee: Unarmed           |   135 |   111 |   255 |   770 |   942 ||  2213
       Punch             |     2 |       |       |       |       ||     2
Throw: Dart              |       |       |    16 |    11 |       ||    27
Invok: Minor Destruction |       |     4 |     8 |     2 |     1 ||    15
       Lesser Servant of |       |       |     2 |    11 |     7 ||    20
       Major Destruction |       |       |       |     2 |       ||     2
       Greater Servant o |       |       |       |       |     1 ||     1
Evoke: Wand              |       |       |       |     8 |    21 ||    29
       Condenser vane    |       |       |       |       |     1 ||     1
  Use: Scroll            |     2 |     3 |     8 |     5 |     5 ||    23
       Potion            |       |     3 |     6 |     1 |     4 ||    14
 Stab: Sleeping          |     4 |     4 |     1 |       |     4 ||    13
       Distracted        |       |       |     1 |     3 |     2 ||     6
       Invisible         |       |       |       |       |     1 ||     1
Armor: Robe              |    16 |    12 |    46 |       |       ||    74
       Steam dragon scal |       |       |       |   129 |     5 ||   134
       Swamp dragon scal |       |       |       |       |   131 ||   131
Dodge: Dodged            |    64 |    48 |   123 |   327 |   279 ||   841
Block: Buckler           |    10 |    12 |    41 |   136 |   161 ||   360
       Kite shield       |       |       |       |       |   302 ||   302
       Reflection        |       |       |       |       |     2 ||     2

Levels and vault maps discovered:
D:1:      dpeg_arrival_oval, layout_loops_ring, serial_forest,
          infiniplex_forest_straight_1, infiniplex_forest_straight_3,
          infiniplex_forest_clump_tiny, infiniplex_forest_clump_diagonal,
          infiniplex_forest_corner_1, infiniplex_forest_straight_3,
          infiniplex_forest_clump_diagonal
D:2:      layout_rooms, basic_ecumenical_altar, basic_altar,
          chequers_serial_rivers_small_3, kennysheep_cross_room,
          nrook_loot_triangle, minmay_lizard_pond
D:3:      layout_basic, chequers_temple_overflow_minitemple,
          chequers_serial_rivers_small_b, lightli_corner_chamber, uniq_grinder,
          uniq_jessica, uniq_natasha
D:4:      layout_loops_cross, nemelex_dance_club_becter,
          hangedman_decor_peaks_small, kennysheep_generic_room_14
D:5:      layout_basic, hex_medium
D:6:      minmay_general_purpose_star, layout_basic, grunt_potential
D:7:      layout_basic, temple_statues, hangedman_feature_mirror
D:8:      layout_cave_pods, tso_oasis_becter, erik_lair_orcish_takeover,
          hangedman_abyss_or_decor_stabs, kennysheep_diamond
D:9:      layout_basic, erik_orc_4, serial_shops, nicolae_diamond_shop
D:10:     layout_loops_ring, minmay_misc_feat_alley, uniq_joseph
Lair:1:   layout_hall_layers, nzn_ghost_randoct, lemuel_fruit_fields,
          uniq_fannar
Lair:2:   layout_cave_pods, uniq_maggie
Lair:3:   lemuel_reptile_caves, layout_long_grid, basic_altar,
          uniq_prince_ribbit2
Lair:4:   layout_cave_shapes, elwin_shoals_entry_rooms,
          nicolae_spider_entry_orb_guardian, ebering_ghost_inner_flame,
          minmay_shattered_shrine, lemuel_fruit_tree
Lair:5:   minmay_guarded_unrand_snakebite, layout_gridlike
Lair:6:   due_jungle_book, layout_long_grid, dpeg_slime_entry_enclosed_altar,
          serial_bayou_shore_b
Orc:1:    layout_caves, enter_bailey_3, serial_shops,
          nicolae_shop_window_shopping, bh_open_orc_temple
Orc:2:    kennysheep_orc_mage_school, layout_diamond_mine, serial_shops,
          nicolae_shop_behind_doors, statue_in_the_mist_lemuel, rock_pile

Notes
Turn   | Place    | Note
-------+----------+-------------------------------------------
     0 | D:1      | demibob the Ghoul Monk began the quest for the Orb.
     0 | D:1      | Reached XP level 1. HP: 19/19 MP: 0/0
   263 | D:1      | Reached XP level 2. HP: 26/26 MP: 1/1
   355 | D:1      | Reached skill level 4 in Unarmed Combat
   391 | D:1      | Identified a scarf of resistance
   658 | D:1      | Reached XP level 3. HP: 29/31 MP: 2/2
  1318 | D:2      | Reached skill level 1 in Shields
  1396 | D:2      | Found a burning altar of Makhleb.
  1447 | D:2      | Became a worshipper of Makhleb the Destroyer
  1447 | D:2      | Reached * piety under Makhleb
  1447 | D:2      | Reached ** piety under Makhleb
  1477 | D:2      | Found a faded altar of an unknown god.
  2211 | D:3      | Reached XP level 4. HP: 38/38 MP: 3/3
  2647 | D:3      | Noticed Natasha
  2651 | D:3      | Killed Natasha
  2652 | D:3      | Reached skill level 2 in Shields
  2652 | D:3      | Reached skill level 5 in Unarmed Combat
  2916 | D:3      | Noticed Jessica
  2924 | D:3      | Killed Jessica
  2925 | D:3      | Reached XP level 5. HP: 41/45 MP: 4/4
  3010 | D:3      | Noticed Natasha
  3018 | D:3      | Killed Natasha
  3055 | D:3      | Noticed Natasha
  3058 | D:3      | Killed Natasha
  3077 | D:3      | Found a basalt altar of Yredelemnul.
  3077 | D:3      | Found a shimmering blue altar of Sif Muna.
  3085 | D:3      | Found a faded altar of an unknown god.
  3087 | D:3      | Found a stormy altar of Qazlal.
  3087 | D:3      | Noticed Grinder
  3092 | D:3      | Identified a potion of resistance
  3094 | D:3      | Found a faded altar of an unknown god.
  3105 | D:3      | Paralysed by Grinder for 2 turns
  3113 | D:3      | Killed Grinder
  3114 | D:3      | Reached skill level 3 in Shields
  3114 | D:3      | Reached skill level 6 in Unarmed Combat
  3114 | D:3      | Reached XP level 6. HP: 18/51 MP: 5/5
  3650 | D:4      | Reached skill level 4 in Shields
  3863 | D:4      | Reached skill level 1 in Invocations
  3863 | D:4      | Reached XP level 7. HP: 47/57 MP: 6/6
  4067 | D:4      | Found a sparkling altar of Nemelex Xobeh.
  4114 | D:4      | Reached skill level 7 in Unarmed Combat
  4244 | D:5      | Entered Level 5 of the Dungeon
  4289 | D:5      | Reached skill level 2 in Invocations
  4412 | D:5      | Reached *** piety under Makhleb
  4481 | D:5      | Reached skill level 3 in Invocations
  4530 | D:5      | Reached XP level 8. HP: 59/63 MP: 9/9
  4543 | D:5      | Reached skill level 8 in Unarmed Combat
  4543 | D:5      | Reached skill level 4 in Invocations
  5183 | D:6      | Reached skill level 5 in Invocations
  5312 | D:6      | Noticed a two-headed ogre
  5423 | D:6      | Killed a two-headed ogre
  5424 | D:6      | Reached skill level 9 in Unarmed Combat
  5424 | D:6      | Reached skill level 6 in Invocations
  5424 | D:6      | Reached XP level 9. HP: 59/70 MP: 10/13
  5439 | D:6      | Reached skill level 7 in Invocations
  5829 | D:6      | Reached skill level 10 in Unarmed Combat
  5900 | D:6      | Reached skill level 3 in Dodging
  6269 | D:6      | Reached skill level 4 in Dodging
  6777 | D:7      | Found a hazy altar of Hepliaklqana.
  7007 | D:7      | Found a staircase to the Ecumenical Temple.
  7046 | D:7      | Reached skill level 11 in Unarmed Combat
  7301 | D:7      | Reached skill level 5 in Dodging
  7402 | D:7      | Found an iron altar of Okawaru.
  7413 | D:7      | Reached XP level 10. HP: 77/77 MP: 14/14
  8270 | D:8      | Reached skill level 6 in Dodging
  8423 | D:8      | Reached skill level 12 in Unarmed Combat
  8572 | D:8      | Reached skill level 1 in Armour
  8579 | D:8      | Reached skill level 2 in Armour
  8857 | D:8      | Reached skill level 3 in Armour
  8869 | D:8      | Found a staircase to the Lair.
  9065 | D:8      | Found Iciffiel's Weapon Boutique.
  9091 | D:8      | Reached **** piety under Makhleb
  9725 | D:9      | Reached skill level 13 in Unarmed Combat
  9835 | D:9      | Reached skill level 8 in Invocations
  9835 | D:9      | Reached XP level 11. HP: 82/82 MP: 16/16
  9851 | D:9      | Found a staircase to the Orcish Mines.
 10080 | D:9      | Found Idderir's Assorted Antiques.
 10648 | D:9      | Noticed a two-headed ogre
 10657 | D:9      | Killed a two-headed ogre
 10658 | D:9      | Reached skill level 9 in Invocations
 11078 | D:10     | Entered Level 10 of the Dungeon
 11426 | D:10     | Reached skill level 14 in Unarmed Combat
 12125 | D:10     | Reached ***** piety under Makhleb
 12474 | D:10     | Identified the +3 buckler "Vaihed" {rF+ Will+ Str+2}
 13196 | D:10     | Noticed Joseph
 13216 | D:10     | Killed Joseph
 13548 | Lair:1   | Entered Level 1 of the Lair of Beasts
 13572 | Lair:1   | Noticed a four-headed hydra
 13582 | Lair:1   | Killed a four-headed hydra
 13583 | Lair:1   | Reached skill level 15 in Unarmed Combat
 13717 | Lair:1   | Reached skill level 4 in Fighting
 13738 | Lair:1   | Noticed Fannar
 13757 | Lair:1   | Killed Fannar
 13786 | Lair:1   | Reached skill level 5 in Fighting
 13786 | Lair:1   | Reached XP level 12. HP: 70/94 MP: 18/18
 14155 | Lair:1   | Reached skill level 6 in Fighting
 14329 | Lair:1   | Found a transporter.
 14329 | Lair:1   | Found a transporter.
 14377 | Lair:1   | Noticed an eight-headed hydra
 14384 | Lair:1   | Killed an eight-headed hydra
 14385 | Lair:1   | Reached skill level 16 in Unarmed Combat
 14446 | Lair:1   | Reached skill level 7 in Fighting
 14616 | Lair:1   | Noticed noodleboyJ's ghost (journeyman DrWn)
 15024 | Lair:2   | Reached skill level 5 in Shields
 15208 | Lair:2   | Noticed Maggie
 15231 | Lair:2   | Killed Maggie
 15351 | Lair:2   | Reached skill level 6 in Shields
 15364 | Lair:2   | Reached skill level 17 in Unarmed Combat
 15757 | Lair:2   | Reached XP level 13. HP: 98/105 MP: 19/19
 16382 | Lair:3   | Reached skill level 7 in Shields
 16806 | Lair:3   | Reached skill level 4 in Armour
 17109 | Lair:3   | Noticed Prince Ribbit
 17124 | Lair:3   | Reached skill level 5 in Armour
 17139 | Lair:3   | Reached skill level 8 in Shields
 17151 | Lair:3   | Killed Prince Ribbit
 18012 | Lair:4   | Found a staircase to the Shoals.
 18167 | Lair:4   | Reached skill level 9 in Shields
 18209 | Lair:4   | Found a hole to the Spider Nest.
 18492 | Lair:4   | Found a runed translucent door.
 18515 | Lair:4   | Reached skill level 10 in Shields
 18717 | Lair:4   | Reached XP level 14. HP: 97/113 MP: 20/20
 18886 | Lair:4   | Noticed Beilucy's ghost (journeyman FoFi)
 18908 | Lair:4   | Identified the amulet of Busov {Faith Will+ Dex+4}
 19012 | Lair:4   | Reached skill level 11 in Shields
 19633 | Lair:5   | Identified the ring "Dyde Pobaos" {rPois Str+6}
 19891 | Lair:5   | Reached skill level 12 in Shields
 20154 | Lair:5   | Found the +8 whip "Snakebite" {venom, curare, rPois}
 20418 | Lair:6   | Entered Level 6 of the Lair of Beasts
 20632 | Lair:6   | Found a viscous altar of Jiyva.
 20632 | Lair:6   | Found a staircase to the Slime Pits.
 20899 | Lair:6   | Reached ****** piety under Makhleb
 21253 | Lair:6   | Noticed a dire elephant
 21253 | Lair:6   | Noticed a dire elephant
 21297 | Lair:6   | Reached skill level 13 in Shields
 21696 | Orc:1    | Entered Level 1 of the Orcish Mines
 21813 | Orc:1    | Found Idet's Distillery.
 21816 | Orc:1    | Bought a potion of heal wounds for 65 gold pieces
 21816 | Orc:1    | Bought a potion of heal wounds for 65 gold pieces
 21816 | Orc:1    | Bought a potion of heal wounds for 65 gold pieces
 21876 | Orc:1    | Reached skill level 14 in Shields
 21892 | Orc:1    | Found a flagged portal.
 21919 | Bailey   | Entered a bailey
 21957 | Bailey   | Identified the +0 pair of gloves "Atejog" {rElec Regen+
                  | Dex-4}
 22181 | Orc:1    | Paralysed by an orc sorcerer for 3 turns
 22684 | Orc:2    | Entered Level 2 of the Orcish Mines
 22708 | Orc:2    | HP: 4/113 [ettin (33)]
 22708 | Orc:2    | Mangled by an ettin

Vanquished Creatures
  Fannar (Lair:1)
  6 hydras
  A two-headed ogre (D:9)
  A boulder beetle (Lair:3)
  An orc high priest (Orc:1)
  7 death yaks
  2 spectral death yaks (Lair:6)
  An orc knight (Orc:2)
  3 necromancers (Lair:6)
  An orc sorcerer (Orc:1)
  An orb spider (Lair:4)
  A cyclops (Orc:1)
  10 black mambas
  6 elephants
  Joseph (D:10)
  22 cane toads
  A torpor snail (Lair:5)
  Maggie (Lair:2)
  5 rime drakes
  12 komodo dragons
  A troll (Orc:1)
  2 polar bears
  Grinder (D:3)
  A spectral elephant (Lair:6)
  11 blink frogs
  A shadow (D:6)
  A wraith (D:10)
  45 yaks
  6 wyverns
  3 steam dragons
  A spectral cane toad (Lair:6)
  5 wargs
  42 water moccasins
  A sky beast (D:6)
  A swamp drake (Lair:3)
  23 orc warriors
  3 ogres
  15 wolves
  A centaur (D:7)
  An elephant skeleton (Lair:6)
  2 phantoms
  13 bullfrogs
  2 scorpions
  A gnoll sergeant (D:9)
  A water moccasin zombie (D:5)
  A water moccasin skeleton (D:4)
  17 killer bees
  3 electric eels
  8 wights
  2 howler monkeys
  3 bullfrog zombies (D:6)
  A hound (D:5)
  2 centaur zombies (D:9)
  9 orc priests
  A bullfrog skeleton (D:7)
  Jessica (D:3)
  3 iguanas
  Natasha (thrice) (D:3)
  2 centaur skeletons (D:7)
  12 orc wizards
  2 killer bee zombies
  4 gnolls (D:9)
  24 adders
  A shadow imp (D:7)
  A white imp (D:6)
  An ufetubus (D:6)
  2 adder skeletons (D:4)
  A worm (D:3)
  2 dart slugs
  58 orcs
  8 endoplasms
  5 giant cockroaches
  5 goblins
  4 hobgoblins
  3 jackals (D:4)
  4 quokkas (D:1)
  4 bats
  10 frilled lizards
  7 kobolds
  5 rats
487 creatures vanquished.

Vanquished Creatures (collateral kills)
  A two-headed ogre (D:6)
  An orc knight (Orc:1)
  3 elephants (Lair:6)
  A cane toad (Lair:4)
  An unseen horror (D:10)
  A komodo dragon (Lair:3)
  A polar bear (Lair:3)
  Prince Ribbit (Lair:3)
  A blink frog (Lair:3)
  5 yaks
  An acid dragon (D:10)
  A water moccasin (Lair:1)
  6 orc warriors
  3 ogres
  A howler monkey (D:8)
  2 orc priests
  An orc wizard (Orc:1)
  An adder (Lair:3)
  3 orcs
  4 goblins (Orc:1)
39 creatures vanquished.

Vanquished Creatures (others)
  2 orc wizards
  7 fungi
  30 plants
  13 withered plants (Lair:6)
52 creatures vanquished.

Grand Total: 578 creatures vanquished

Table legend: (Time is in decaauts)
 A = Elapsed time spent in this place.
 B = Non-inter-level travel time spent in this place.
 C = Inter-level travel time spent in this place.
 D = Time resting spent in this place.
 E = Time spent auto-exploring this place.
 F = Levels seen in this place.
 G = Mean time per level.
                   A        B        C        D        E       F      G
               +--------+--------+--------+--------+--------+-----+--------+
         Total |  22192 |  21464 |    728 |   3444 |  13806 |  19 | 1168.0 |
       Dungeon |  13447 |  12992 |    455 |   2768 |   8056 |  10 | 1344.7 |
          Lair |   7780 |   7518 |    262 |    676 |   5114 |   6 | 1296.7 |
  Orcish Mines |    803 |    793 |     10 |      0 |    567 |   2 |  401.5 |
        Bailey |    161 |    161 |      0 |      0 |     69 |   1 |  161.0 |
               +--------+--------+--------+--------+--------+-----+--------+

Top non-repeatable levels by time:
    D:10: 2171 daAuts
  Lair:2: 1686 daAuts
     D:9: 1675 daAuts
  Lair:4: 1644 daAuts
     D:8: 1492 daAuts
     D:7: 1486 daAuts
  Lair:1: 1359 daAuts
     D:3: 1301 daAuts
     D:1: 1256 daAuts
     D:6: 1233 daAuts
     D:5: 1154 daAuts
  Lair:5: 1090 daAuts
  Lair:6: 1063 daAuts
  Lair:3: 936 daAuts
     D:4: 847 daAuts

Table legend:
 A = Non-vault XP
 B = Vault XP
 C = Vault XP percentage of total XP
 D = Non-vault monster count
 E = Vault monster count
 F = Vault count percentage of total count
                 A         B        C        D         E       F
            +---------+---------+-------+---------+---------+-------
      Total |   58579 |   27218 |  31.7 |     372 |     155 |  29.4
            +---------+---------+-------+---------+---------+-------
        D:1 |      42 |       0 |   0.0 |      25 |       0 |   0.0
        D:2 |      14 |       9 |  39.1 |       7 |       9 |  56.2
        D:3 |     120 |     344 |  74.1 |      15 |       3 |  16.7
        D:4 |     195 |      75 |  27.8 |      19 |       3 |  13.6
        D:5 |     678 |       0 |   0.0 |      12 |       0 |   0.0
        D:6 |     608 |    1707 |  73.7 |       7 |      14 |  66.7
        D:7 |    1623 |     168 |   9.4 |      23 |       2 |   8.0
        D:8 |    2112 |     940 |  30.8 |      22 |      12 |  35.3
        D:9 |    2549 |     485 |  16.0 |      28 |      15 |  34.9
       D:10 |    3263 |     434 |  11.7 |      23 |       1 |   4.2
     Lair:1 |    8622 |     886 |   9.3 |      33 |       1 |   2.9
     Lair:2 |    8174 |     389 |   4.5 |      30 |       1 |   3.2
     Lair:3 |    5766 |    3346 |  36.7 |      17 |      31 |  64.6
     Lair:4 |    9040 |    6022 |  40.0 |      27 |      12 |  30.8
     Lair:5 |    5531 |    1287 |  18.9 |      22 |      10 |  31.2
     Lair:6 |    5658 |    8698 |  60.6 |      18 |      17 |  48.6
      Orc:1 |    3726 |    1202 |  24.4 |      38 |       8 |  17.4
      Orc:2 |     858 |       0 |   0.0 |       6 |       0 |   0.0
     Bailey |       0 |    1226 | 100.0 |       0 |      16 | 100.0
            +---------+---------+-------+---------+---------+-------
